 Dungeon Crawl Stone Soup version 0.22-a0-363-g29407c6 (webtiles) character file.

1683 GoochMcTaint the Basher (level 9, -34/145 HPs)
             Began as an Ogre Berserker on Apr 21, 2018.
             Was a Priest of Trog.
             Annihilated by a two-headed ogre
             ... wielding a +0 giant spiked club
             ... summoned by the player character
              (39 damage)
             ... on level 6 of the Dungeon.
             The game lasted 00:20:26 (7079 turns).

GoochMcTaint the Basher (Ogre Berserker)            Turns: 7079, Time: 00:20:26

Health: -34/145    AC:  5    Str: 31    XL:     9   Next: 2%
Magic:  9/9        EV: 11    Int:  8    God:    Trog [***...]
Gold:   354        SH:  0    Dex: 15    Spells: 8/8 levels left

rFire    . . .     SeeInvis .   u - +0 flail
rCold    . . .     Gourm    .   (no shield)
rNeg     . . .     Faith    .   s - +2 robe "Kuloach" {Dex+7}
rPois    .         Spirit   .   (helmet restricted)
rElec    .         Reflect  .   (no cloak)
rCorr    .         Harm     .   (gloves unavailable)
MR       ++...                  (boots unavailable)
Stlth    ..........             (no amulet)
HPRegen  1.34/turn              (no ring)
MPRegen  0.11/turn              (no ring)

@: berserking (expiring), regenerating, very quick
A: large, unfitting armour, talons 1, tough skin 1, evolution 1
a: Berserk, Trog's Hand, Renounce Religion


You were on level 6 of the Dungeon.
You worshipped Trog.
Trog was most pleased with you.
You were near starving.

You visited 1 branch of the dungeon, and saw 6 of its levels.

You collected 354 gold pieces.

Inventory:

Hand Weapons
 a - a +0 mace
 u - a +0 flail (weapon)
Missiles
 j - 292 stones (quivered)
Armour
 b - a +0 animal skin
 s - the +2 robe "Kuloach" (worn) {Dex+7}
   (You found it on level 4 of the Dungeon)

   It affects your dexterity (+7).
Wands
 h - a wand of flame (25)
 q - a wand of random effects (33)
Scrolls
 i - 7 scrolls of remove curse
 k - 2 scrolls of enchant weapon
 n - a scroll of amnesia {unknown}
 o - 2 scrolls of teleportation
 p - a scroll of fear {unknown}
 t - 2 scrolls of magic mapping {unknown}
 w - a scroll of fog {unknown}
 A - a scroll of acquirement {unknown}
Potions
 d - a potion of invisibility
 e - 2 potions of resistance
 f - a potion of heal wounds
 g - a potion of brilliance
 l - a potion of mutation
 m - 2 potions of ambrosia
 r - a potion of lignification
 v - 3 potions of curing
 x - a potion of berserk rage {unknown}
 z - a potion of agility {unknown}
 C - a potion of degeneration {unknown}
Comestibles
 c - 9 rations
 B - a chunk of flesh


   Skills:
 + Level 8.5 Fighting
 * Level 8.7 Maces & Flails
 + Level 1.9 Throwing
 + Level 3.3 Dodging


You had 8 spell levels left.
You didn't know any spells.

Dungeon Overview and Level Annotations

Branches:
Dungeon (6/15)
 Temple: D:4-7

Altars:
Ashenzari
Elyvilon
Fedhas
Gozag
Kikubaaqudgha
Ru
Trog
Uskayaw
Xom
Yredelemnul
Zin
The Shining One

Shops:
D:5 *


Innate Abilities, Weirdness & Mutations

You are too large for most types of armour.
You have tough skin. (AC +1)
You have sharp toenails.
You evolve.


Message History

The two-headed ogre hits you with a giant spiked club!!
The two-headed ogre misses you.
You closely miss the two-headed ogre. You claw the two-headed ogre!
The two-headed ogre is moderately wounded.
The two-headed ogre hits you with a giant spiked club!!!
* * * LOW HITPOINT WARNING * * *
The two-headed ogre barely misses you.
You barely miss the two-headed ogre. You claw the two-headed ogre!
The two-headed ogre is moderately wounded.
You barely miss the two-headed ogre. You claw the two-headed ogre!
The two-headed ogre is heavily wounded.
The two-headed ogre hits you with a giant spiked club!!
* * * LOW HITPOINT WARNING * * *
The two-headed ogre hits you with a giant club.
* * * LOW HITPOINT WARNING * * *
You barely miss the two-headed ogre.
The two-headed ogre is heavily wounded.
You feel the effects of Trog's Hand fading.
The two-headed ogre hits you with a giant spiked club!!!
You die...

...#.###############.##...##
.....# #.##...#### .##..###
###### #.........# .##.>..#
#....##########.### ########
#....#....# ...
#.........### ###
############............
)...................##
##.............O@....#
#....................#
#.............###....#
#...........### ....#
#...........# ...#
#...........# ..##
.............# ##
.............#
.........#.#...


You could see a two-headed ogre (berserk).

Vanquished Creatures
  The ghost of melkoren the Sneak, an amateur VSEn of Kikubaaqudgha (D:3)
  A centaur (D:6)
  2 big kobolds (D:4)
  A howler monkey (D:5)
  5 crimson imps
  A bullfrog zombie (D:5)
  7 hounds
  4 orc wizards
  4 orc priests
  5 worker ants
  A hound skeleton (D:6)
  Robin (D:2)
  7 adders
  7 gnolls
  2 shadow imps (D:6)
  An adder zombie (D:5)
  An ooze (D:4)
  2 adder skeletons (D:4)
  5 worms
  4 dart slugs
  3 leopard geckos
  25 orcs
  2 ball pythons (D:1)
  5 giant cockroaches
  35 goblins
  42 hobgoblins
  8 jackals
  6 kobolds
  4 quokkas
  7 bats
  4 frilled lizards
  3 hobgoblin zombies (D:6)
  A kobold skeleton (D:6)
  2 kobold zombies (D:6)
  2 orc skeletons (D:6)
  A quokka skeleton (D:5)
  6 rats
218 creatures vanquished.

Vanquished Creatures (collateral kills)
  Sigmund (D:6)
  An orc priest (D:5)
  2 orcs (D:5)
4 creatures vanquished.

Grand Total: 222 creatures vanquished

Notes
Turn   | Place    | Note
-------+----------+-------------------------------------------
     0 | D:1      | GoochMcTaint the Ogre Berserker began the quest for the Orb.
     0 | D:1      | Reached XP level 1. HP: 24/24 MP: 1/1
   193 | D:1      | Reached XP level 2. HP: 17/32 MP: 2/2
   572 | D:1      | Reached XP level 3. HP: 31/39 MP: 3/3
  1069 | D:2      | Reached ** piety under Trog
  1521 | D:2      | Noticed Robin
  1548 | D:2      | Killed Robin
  1567 | D:2      | Reached XP level 4. HP: 47/48 MP: 4/4
  2176 | D:2      | Found a blossoming altar of Fedhas.
  2332 | D:3      | Found an ancient bone altar of Kikubaaqudgha.
  2332 | D:3      | Found a glowing silver altar of Zin.
  2332 | D:3      | Found a bloodstained altar of Trog.
  2332 | D:3      | Found an opulent altar of Gozag.
  2387 | D:3      | Reached skill level 5 in Maces & Flails
  2387 | D:3      | Reached XP level 5. HP: 53/55 MP: 5/5
  2501 | D:3      | Found a shimmering altar of Xom.
  2502 | D:3      | Found a shimmering altar of Xom.
  2505 | D:3      | Found a shimmering altar of Xom.
  2512 | D:3      | Found a shimmering altar of Xom.
  2632 | D:3      | Noticed melkoren's ghost (amateur VSEn)
  2699 | D:3      | Killed melkoren's ghost
  2699 | D:3      | Reached skill level 5 in Fighting
  2699 | D:3      | Reached XP level 6. HP: 66/66 MP: 6/6
  2931 | D:3      | Found a hide-covered altar of Uskayaw.
  2994 | D:3      | Reached *** piety under Trog
  3221 | D:4      | Reached XP level 7. HP: 74/74 MP: 7/7
  3380 | D:4      | Got an ichor-stained robe
  3381 | D:4      | Identified the +2 robe "Kuloach" {Dex+7} (You found it on level 4 of the Dungeon)
  3494 | D:4      | Found a sacrificial altar of Ru.
  4176 | D:4      | Reached **** piety under Trog
  4929 | D:4      | Reached XP level 8. HP: 87/87 MP: 8/8
  5179 | D:5      | Entered Level 5 of the Dungeon
  5260 | D:5      | Found a white marble altar of Elyvilon.
  5293 | D:5      | Gained mutation: You are weak. (Str -2) [potion of mutation]
  5293 | D:5      | Gained mutation: You evolve. [potion of mutation]
  5293 | D:5      | Gained mutation: You have sharp toenails. [potion of mutation]
  5653 | D:5      | Found Dicwurel's General Store.
  5731 | D:5      | Received a gift from Trog
  5804 | D:5      | Found a shattered altar of Ashenzari.
  5869 | D:5      | HP: 5/132 [two-headed ogre/giant club[the player character] (35)]
  5870 | D:5      | HP: 2/132 [two-headed ogre/giant club[the player character] (4)]
  5891 | D:5      | Lost mutation: You are weak. (Str -2) [evolution]
  6749 | D:6      | Found a glowing golden altar of the Shining One.
  6760 | D:6      | Reached skill level 1 in Throwing
  6839 | D:6      | Found a basalt altar of Yredelemnul.
  6920 | D:6      | Noticed Sigmund
  7070 | D:6      | Killed Sigmund
  7070 | D:6      | Reached XP level 9. HP: 97/97 MP: 9/9
  7078 | D:6      | HP: 6/145 [two-headed ogre/giant spiked club[the player character] (30)]
  7079 | D:6      | Annihilated by a two-headed ogre

Vault maps used:
D:1:      minmay_arrival_stone_box
D:2:      lemuel_crystal_altar, uniq_robin
D:3:      lemuel_doored_altar, xom_redecorated,
          chequers_temple_overflow_statue_of_worship
D:4:      minmay_goblin_kobold_castle, nicolae_ru_sacrificial_ziggurat,
          feat_on_display
D:5:      kennysheep_mini_moat, basic_altar, serial_shops,
          nicolae_shop_competitors_out_of_business, first_ration
D:6:      nicolae_tso_besieged_by_evil, kennysheep_mini,
          uniq_crazy_yiuf_cottage, uniq_sigmund

Skill      XL: |  1  2  3  4  5  6  7  8 |
---------------+-------------------------+-----
Maces & Flails | 3 4 5 6 7 8 |  8.7
Fighting       | 5 7 8 |  8.5
Throwing       | 1 |  1.9
Dodging        | 3 |  3.3

Action                   |  1- 3 |  4- 6 |  7- 9 || total
-------------------------+-------+-------+-------++-------
Melee: Mace              |   100 |   101 |       ||   201
       Flail             |       |    44 |   376 ||   420
       Kick              |       |       |    38 ||    38
Throw: Stone             |       |       |     5 ||     5
Invok: Berserk           |     3 |     8 |    11 ||    22
       Trog's Hand       |     2 |     2 |     8 ||    12
       Brothers in Arms  |       |       |     5 ||     5
  Use: Scroll            |       |       |     7 ||     7
       Potion            |       |       |     5 ||     5
  Eat: Chunk             |     6 |     9 |    18 ||    33
       Ration            |       |     1 |     3 ||     4
Armor: Animal skin       |    49 |    40 |       ||    89
       Robe              |       |       |   105 ||   105
Dodge: Dodged            |    83 |    79 |   275 ||   437

Table legend:
 A = Spawn XP
 B = Non-spawn XP
 C = Spawn XP percentage of total XP
 D = Spawn monster count
 E = Non-spawn monster count
 F = Spawn count percentage of total count
 G = Total turns spent on level
                    A         B        C        D         E        F      G
               +---------+---------+-------+---------+---------+-------+---------
         Total |       0 |    2405 |   0.0 |       0 |     222 |   0.0 |  7079
               +---------+---------+-------+---------+---------+-------+---------
           D:1 |       0 |      36 |   0.0 |       0 |      19 |   0.0 |  1008
           D:2 |       0 |     105 |   0.0 |       0 |      37 |   0.0 |  1319
           D:3 |       0 |     341 |   0.0 |       0 |      20 |   0.0 |   791
           D:4 |       0 |     946 |   0.0 |       0 |      93 |   0.0 |  2061
           D:5 |       0 |     460 |   0.0 |       0 |      27 |   0.0 |  1398
           D:6 |       0 |     517 |   0.0 |       0 |      26 |   0.0 |   502
               +---------+---------+-------+---------+---------+-------+---------
